 Dungeon Crawl Stone Soup version 0.30-b1-2-g02819fbbbe (webtiles) character file.

Game seed: 17785460522943255717

109 asdfasdf the Trooper (level 4, 0/41 HPs)
             Began as a Hill Orc Fighter on May 3, 2023.
             Slain by Duvessa
             ... wielding a +0 short sword
              (14 damage)
             ... on level 4 of the Dungeon.
             The game lasted 00:04:36 (2594 turns).

asdfasdf the Trooper (Hill Orc Fighter)             Turns: 2594, Time: 00:04:37

Health: 0/41       AC: 11    Str: 20    XL:     4   Next: 89%
Magic:  4/4        EV:  5    Int:  8    God:
Gold:   140        SH:  4    Dex: 10    Spells: 3/3 levels left

rFire   . . .        a - +0 war axe
rCold   . . .        c - +0 buckler
rNeg    . . .        h - +0 plate armour
rPois   .            (no helmet)
rElec   .            (no cloak)
rCorr   .            (no gloves)
SInv    .            (no boots)
Will    .....        b - amulet of regeneration Stlth
                     (no ring)
HPRegen 1.06/turn    (no ring)
MPRegen 0.09/turn

%: no passive effects
@: mighty, studying Unarmed Combat
A: no striking features
a: no special abilities


You were on level 4 of the Dungeon.
You visited 1 branch of the dungeon, and saw 4 of its levels.

You collected 140 gold pieces.

Inventory:

Hand Weapons
 a - a +0 war axe (weapon)
Armour
 c - a +0 buckler (worn)
 h - a +0 plate armour (worn)
Jewellery
 b - an amulet of regeneration (around neck)
 n - a ring of see invisible
Scrolls
 e - 2 scrolls of enchant armour {unknown}
 i - a scroll of fear {unknown}
 j - 3 scrolls of identify {unknown}
 k - 2 scrolls of teleportation {unknown}
 o - a scroll of enchant weapon {unknown}
 p - 2 scrolls of vulnerability {unknown}
 q - a scroll of brand weapon {unknown}
Potions
 f - 5 potions of heal wounds {unknown}
 g - a potion of curing {unknown}
 l - a potion of berserk rage {unknown}
 m - a potion of ambrosia {unknown}


   Skills:
 + Level 4.5 Fighting
 + Level 4.5 Axes
 + Level 3.9 Armour
 + Level 0.4 Dodging
 + Level 3.6 Shields


You had 3 spell levels left.
You didn't know any spells.
Your spell library contained the following spells:

 Spells                   Type           Power      Damage    Failure   Level
 Summon Guardian Golem    Hex/Summ       0%         N/A       100%        3
 Tukima's Dance           Hex            0%         N/A       100%        3
 Passage of Golubria      Tloc           0%         N/A       100%        4
 Yara's Violent Unravell  Hex/Tmut       0%         3d3       100%        5
 Orb of Destruction       Conj           0%         9d5       100%        7
 Spellforged Servitor     Conj/Summ      0%         N/A       100%        7


Dungeon Overview and Level Annotations

Branches:
Dungeon (4/15)
 Temple: D:4-7

Altars:
Cheibriados
Trog

Annotations:
D:4 Dowan, Duvessa


Message History

You slash the hobgoblin!
You kill the hobgoblin!
Dowan, Brother of Duvessa comes into view.
He is wielding a +0 dagger.
Dowan shouts!
You slash Duvessa!
Duvessa is moderately wounded.
Duvessa hits you but does no damage.
You closely miss Duvessa.
Duvessa is moderately wounded.
Duvessa hits you with a +0 short sword. x2
You hit Duvessa.
Duvessa is moderately wounded.
Duvessa hits you with a +0 short sword!
Dowan smirks and points a slender finger.
Dowan gestures at Duvessa while chanting.
Duvessa seems to speed up.
You hit Duvessa.
Duvessa is heavily wounded.
Duvessa hits you with a +0 short sword.
Dowan casts a spell.
Dowan blinks!
Duvessa barely misses you.
You barely miss Duvessa.
Duvessa is heavily wounded.
Duvessa barely misses you. You block Duvessa's attack.
You hit Duvessa but do no damage.
Duvessa is heavily wounded.
You barely miss Dowan. Duvessa hits you but does no damage.
Duvessa hits you with a +0 short sword. Dowan hits you but does no damage.
You hit Duvessa.
Duvessa is heavily wounded.
You hit Dowan. You block Duvessa's attack. Dowan hits you with a +0 dagger.
Duvessa says, "Where magic fails, the sword succeeds!"
Duvessa hits you with a +0 short sword!
* * * LOW HITPOINT WARNING * * *
You feel very mighty all of a sudden. Duvessa hits you but does no damage.
Dowan hits you but does no damage.
You hit Duvessa but do no damage.
Duvessa is heavily wounded.
You slash Dowan! Duvessa hits you with a +0 short sword!
You die...

. #. # #$ #.
#.###. ....#
...# #ee# #@.#
##.# #.# #.#
#.########
#.........
#.........
####.#######..
###....## #..


You could see Duvessa (fast, strong) and Dowan.

Vanquished Creatures
  A gnoll (D:1)
  3 adders (D:3)
  2 dart slugs
  An orc (D:3)
  4 bats
  5 endoplasms
  3 giant cockroaches
  2 goblins
  4 hobgoblins
  8 jackals (D:1)
  10 kobolds
  4 quokkas
  6 ball pythons
  4 frilled lizards
  4 rats
61 creatures vanquished.

Vanquished Creatures (others)
  A wizard (D:3)
1 creature vanquished.

Grand Total: 62 creatures vanquished

Notes
Turn   | Place    | Note
-------+----------+-------------------------------------------
     0 | D:1      | asdfasdf the Hill Orc Fighter began the quest for the Orb.
     0 | D:1      | Reached XP level 1. HP: 19/19 MP: 1/1
   121 | D:1      | Reached XP level 2. HP: 23/27 MP: 2/2
   373 | D:1      | Reached XP level 3. HP: 25/33 MP: 3/3
  1535 | D:2      | Found a faded altar of an unknown god.
  1592 | D:2      | Reached XP level 4. HP: 40/40 MP: 4/4
  1724 | D:3      | Found a snail-covered altar of Cheibriados.
  1940 | D:3      | Found a bloodstained altar of Trog.
  1942 | D:3      | Noticed a wizard
  1946 | D:3      | Killed a wizard
  2581 | D:4      | Noticed Duvessa
  2585 | D:4      | Noticed Dowan
  2594 | D:4      | Slain by Duvessa

Illustrated notes

Levels and vault maps discovered:
D:1:      amcnicky_arrival_wind_blow, layout_basic
D:2:      layout_loops_ring, shapermc_ecumenical_altar_acropolis
D:3:      layout_basic, trog_wizard, lemuel_tele_altar, hangedman_decor_push
D:4:      layout_layer_cave, minmay_temple_entry_statues_fountains, uniq_duvessa

Skill      XL: |  1  2  3  4 |
---------------+-------------+-----
Axes           | 3 4 |  4.5
Fighting       | 4 |  4.5
Armour         | |  3.9
Dodging        | |  0.4
Shields        | |  3.6

Action                     |  1- 3 |  4- 6 || total
---------------------------+-------+-------++-------
  Melee: War axe           |   121 |    51 ||   172
    Use: Potion            |       |     1 ||     1
 Armour: Scale mail        |    32 |       ||    32
         Plate armour      |    59 |    49 ||   108
  Dodge: Dodged            |    48 |    15 ||    63
  Block: Buckler           |    43 |     8 ||    51
